 Dungeon Crawl Stone Soup version 0.26-a0-1132-ge9770dfcb6 (webtiles) character file.

Game seed: 8543028371498579377

991 sahdkjhfkaj the Chopper (level 7, -4/61 HPs)
             Began as a Minotaur Gladiator on Dec 20, 2020.
             Was a Follower of Makhleb.
             Slain by a centaur (8 damage)
             ... on level 6 of the Dungeon.
             The game lasted 00:04:20 (4643 turns).

sahdkjhfkaj the Chopper (Minotaur Gladiator)        Turns: 4643, Time: 00:04:21

Health: -4/61      AC: 10    Str: 20    XL:     7   Next: 98%
Magic:  6/6        EV: 12    Int:  5    God:    Makhleb [*.....]
Gold:   289        SH:  0    Dex: 12    Spells: 6/6 levels left

rFire    . . .     SeeInvis .   a - +0 war axe
rCold    . . .     Faith    .   (no shield)
rNeg     . . .     Spirit   .   n - +0 scale mail
rPois    .         Reflect  .   c - +0 hat
rElec    .         Harm     .   (no cloak)
rCorr    .         Rampage  .   p - +2 pair of gloves
Will     .....                  (no boots)
Stlth    ..........             (no amulet)
HPRegen  0.20/turn              (no ring)
MPRegen  0.10/turn              (no ring)

@: slowed, very slow
A: retaliatory headbutt, horns 2
a: Renounce Religion


You were on level 6 of the Dungeon.
You worshipped Makhleb.
Makhleb was aware of your devotion.
You visited 1 branch of the dungeon, and saw 5 of its levels.
You also visited: Sewer.

You collected 289 gold pieces.

Inventory:

Hand Weapons
 a - a +0 war axe (weapon)
Missiles
 d - 3 throwing nets (quivered) {!f}
Armour
 c - a +0 hat (worn)
 n - a +0 scale mail (worn)
 p - a +2 pair of gloves (worn)
Wands
 i - a wand of polymorph (3)
Scrolls
 e - 2 scrolls of amnesia
 g - 2 scrolls of teleportation {!r}
 j - 2 scrolls of magic mapping
 k - a scroll of fog {unknown}
 l - a scroll of random uselessness {unknown}
 m - 2 scrolls of remove curse
 u - a scroll of fear {unknown}
Potions
 b - a potion of degeneration {unknown}
 f - 3 potions of curing {unknown}
 h - 3 potions of flight
 o - a potion of berserk rage {unknown}
 q - 2 potions of haste {unknown}
 r - a potion of brilliance {unknown}
 s - 2 potions of magic {unknown}
 t - a potion of might {unknown}
 v - 2 potions of heal wounds {unknown}


   Skills:
 + Level 5.4 Fighting
 * Level 7.9 Axes
 - Level 2.0 Throwing
 + Level 4.6 Armour
 + Level 5.5 Dodging


You had 6 spell levels left.
You didn't know any spells.
Your spell library contained the following spells:

 Spells                   Type           Power        Failure   Level
 Animate Skeleton         Necr           0%           82%         1
 Apportation              Tloc           0%           82%         1
 Corona                   Hex            0%           82%         1
 Summon Small Mammal      Summ           0%           82%         1


Dungeon Overview and Level Annotations

Branches:
Dungeon (4/15)              Sewer (visited)
 Temple: D:4-7

Altars:
Makhleb

Annotations:
D:3 2 transporters, Hector's ghost, amateur HOAK


Innate Abilities, Weirdness & Mutations

You reflexively headbutt those who attack you in melee.
You have a pair of horns on your head.


Message History

Unknown command.
Unknown command.
Unknown command.
Unknown command.
Unknown command.
Unknown command.
Unknown command.
Unknown command.
Unknown command.
Unknown command.
Unknown command.
Unknown command.
You hit the centaur. You headbutt the centaur.
The centaur is moderately wounded.
You hit the orc wizard.
You kill the orc wizard!
Makhleb accepts your kill. The centaur closely misses you.
You furiously retaliate!
You headbutt the centaur! The centaur barely misses you. The centaur hits you!
You die...

#. #..# .) #..# # #.
#..# #.#. #..# ###.#.
#..#
......######..#######
#.†..............
#)c##.)......?...
#.@##.##..###.##
#>(##.#...#
#))##.#>....
#..#......###
#..#..##### #..#..#
#..#.. #..# ####


You could see a centaur.

Vanquished Creatures
  Grinder (D:3)
  An orc warrior (D:6)
  A phantom (D:4)
  3 big kobolds (Sewer)
  A howler monkey (D:6)
  A hound (D:3)
  An orc wizard (D:6)
  Terence (D:3)
  Natasha (twice) (D:3)
  3 worker ants (D:4)
  Robin (D:3)
  6 adders
  3 oozes
  4 worms
  2 dart slugs (D:1)
  6 leopard geckos
  6 orcs
  3 giant cockroaches
  11 goblins
  7 hobgoblins
  4 jackals (D:1)
  10 kobolds
  4 ball pythons
  7 bats
  3 frilled lizards
  A jackal zombie (D:6)
  2 quokka skeletons (D:4)
  9 rats
104 creatures vanquished.

Vanquished Creatures (others)
  5 plants (D:3)
  5 toadstools (D:1)
10 creatures vanquished.

Grand Total: 114 creatures vanquished

Notes
Turn   | Place    | Note
-------+----------+-------------------------------------------
     0 | D:1      | sahdkjhfkaj the Minotaur Gladiator began the quest for the
                  | Orb.
     0 | D:1      | Reached XP level 1. HP: 18/18 MP: 0/0
   246 | D:1      | Reached XP level 2. HP: 19/25 MP: 1/1
   257 | D:1      | Reached skill level 4 in Axes
   350 | D:1      | Reached skill level 1 in Armour
  1379 | D:2      | Reached XP level 3. HP: 30/30 MP: 2/2
  2075 | D:3      | Noticed Hector's ghost (amateur HOAK)
  2089 | D:3      | Found a transporter.
  2092 | D:3      | Noticed Robin
  2113 | D:3      | Killed Robin
  2114 | D:3      | Reached XP level 4. HP: 28/38 MP: 3/3
  2197 | D:3      | Found a transporter.
  2403 | D:3      | Noticed Terence
  2404 | D:3      | Noticed Natasha
  2409 | D:3      | Killed Terence
  2410 | D:3      | Reached skill level 5 in Axes
  2429 | D:3      | Reached XP level 5. HP: 15/45 MP: 4/4
  2436 | D:3      | Killed Natasha
  2439 | D:3      | Found a burning altar of Makhleb.
  2795 | D:3      | Became a worshipper of Makhleb the Destroyer
  2826 | D:3      | Noticed Natasha
  2831 | D:3      | Killed Natasha
  2896 | D:3      | Noticed Grinder
  2897 | D:3      | Paralysed by Grinder for 2 turns
  2914 | D:3      | Paralysed by Grinder for 4 turns
  2920 | D:3      | Paralysed by Grinder for 5 turns
  2927 | D:3      | Killed Grinder
  2928 | D:3      | Reached skill level 6 in Axes
  2928 | D:3      | Reached XP level 6. HP: 11/53 MP: 5/5
  3650 | D:4      | Reached XP level 7. HP: 47/60 MP: 6/6
  3854 | D:4      | Found a glowing drain.
  3865 | Sewer    | Entered a sewer
  3900 | Sewer    | Reached skill level 5 in Dodging
  3904 | Sewer    | Reached skill level 7 in Axes
  4002 | Sewer    | Reached * piety under Makhleb
  4100 | Sewer    | Reached skill level 5 in Fighting
  4617 | D:4      | You fall into a shaft and drop 2 floors!
  4617 | D:6      | Noticed Eustachio
  4621 | D:6      | Noticed Eustachio
  4621 | D:6      | Eustachio changed into Eustachio the adder
  4623 | D:6      | Killed Eustachio the adder
  4642 | D:6      | HP: 3/61 [orc wizard/+0 dagger (3)]
  4643 | D:6      | Slain by a centaur

Illustrated notes

Levels and vault maps discovered:
D:1:      saegor_arrival_simple_b, layout_basic, minmay_gold_behind_fungi,
          minmay_unequal
D:2:      layout_loops_ring, grunt_ministairs_14
D:3:      layout_loops_cross, makhleb_heckhound_becter, gammafunk_ghost_arena,
          serial_bayou_ford_a, roderic_roman_lattice, uniq_grinder, uniq_robin,
          uniq_natasha, uniq_terence
D:4:      layout_basic, cheibrodos_sewer_entry_sluice, serial_curves,
          eino_curves_01, eino_curves_01
D:6:      layout_loops_ring, temple_doors_cd, uniq_sigmund, uniq_eustachio,
          uniq_crazy_yiuf_cottage

Skill      XL: |  1  2  3  4  5  6  7 |
---------------+----------------------+-----
Axes           | 4 5 6 7 |  7.9
Armour         | 1 2 3 4 |  4.6
Fighting       | 3 4 5 |  5.4
Dodging        | 4 5 |  5.5
Throwing       | |  2.0

Action                   |  1- 3 |  4- 6 |  7- 9 || total
-------------------------+-------+-------+-------++-------
Melee: War axe           |    83 |    84 |    85 ||   252
       Headbutt          |    11 |    16 |    16 ||    43
Throw: Throwing net      |       |     1 |       ||     1
Evoke: Wand              |       |       |     4 ||     4
  Use: Scroll            |     5 |       |       ||     5
       Potion            |       |     2 |       ||     2
Armor: Leather armour    |    15 |       |       ||    15
       Scale mail        |    22 |    42 |    33 ||    97
Dodge: Dodged            |    53 |    42 |    50 ||   145

Table legend: (Time is in decaauts)
 A = Elapsed time spent in this place.
 B = Non-inter-level travel time spent in this place.
 C = Inter-level travel time spent in this place.
 D = Time resting spent in this place.
 E = Time spent auto-exploring this place.
 F = Levels seen in this place.
 G = Mean time per level.
                   A        B        C        D        E       F      G
               +--------+--------+--------+--------+--------+-----+--------+
         Total |   4753 |   4616 |    137 |    398 |   3498 |   6 |  792.2 |
       Dungeon |   4273 |   4136 |    137 |    398 |   3177 |   5 |  854.6 |
         Sewer |    479 |    479 |      0 |      0 |    320 |   1 |  479.0 |
               +--------+--------+--------+--------+--------+-----+--------+

Top non-repeatable levels by time:
     D:3: 1526 daAuts
     D:1: 1318 daAuts
     D:2: 722 daAuts
     D:4: 676 daAuts
   Sewer: 479 daAuts
     D:6: 29 daAuts
